 Dungeon Crawl Stone Soup version 0.24-a0-230-g536ed4e (webtiles) character file.

Game seed: 11558088644141543103

63 silenth the Slasher (level 3, -2/28 HPs)
             Began as a Demonspawn Gladiator on Apr 3, 2019.
             Slain by a wight
             ... wielding a +3 battleaxe
              (5 damage)
             ... on level 1 of the Dungeon.
             The game lasted 00:02:04 (1576 turns).

silenth the Slasher (Demonspawn Gladiator)          Turns: 1576, Time: 00:02:04

Health: -2/28      AC:  4    Str: 14    XL:     3   Next: 89%
Magic:  3/3        EV: 12    Int:  9    God:
Gold:   89         SH:  0    Dex: 15    Spells: 2/2 levels left

rFire    . . .     SeeInvis .   a - +0 long sword
rCold    . . .     Gourm    .   (no shield)
rNeg     . . .     Faith    .   b - +0 leather armour
rPois    .         Spirit   .   c - +0 helmet
rElec    .         Reflect  .   (no cloak)
rCorr    .         Harm     .   (no gloves)
MR       .....                  (no boots)
Stlth    +.........             (no amulet)
HPRegen  0.09/turn              (no ring)
MPRegen  0.08/turn              (no ring)

@: lightly drained
A: powered by death 1, powered by pain 1
a: no special abilities


You were on level 1 of the Dungeon.
You were not hungry.

You visited 1 branch of the dungeon, and saw 2 of its levels.

You collected 89 gold pieces.

Inventory:

Hand Weapons
 a - a +0 long sword (weapon)
Missiles
 d - 2 throwing nets (quivered)
Armour
 b - a +0 leather armour (worn)
 c - a +0 helmet (worn)
Scrolls
 h - a scroll of enchant armour {unknown}
 i - a scroll of remove curse {unknown}
 j - a scroll of identify {unknown}
Comestibles
 e - 3 rations
 f - a chunk of flesh


   Skills:
 + Level 2.9(2.6) Fighting
 * Level 3.9(3.6) Long Blades
 - Level 1.7(1.4) Throwing
 - Level 2.6(2.3) Dodging


You had 2 spell levels left.
You didn't know any spells.
Your spell library was empty.

Dungeon Overview and Level Annotations

Branches:
Dungeon (2/15)

Altars:
Kikubaaqudgha

Annotations:
D:2 Jessica


Innate Abilities, Weirdness & Mutations

You regenerate a little health from kills.
You sometimes gain a little power by taking damage.


Message History

The wight is caught in the net!
You catch the helpless wight completely off-guard!
You hit the wight.
The wight is moderately damaged.
The wight struggles against the net.
You hit the wight but do no damage.
The wight is moderately damaged.
The wight struggles against the net. x2
You strike the helpless wight from behind!
You hit the wight but do no damage.
The wight is moderately damaged.
The wight struggles against the net.
You hit the wight.
The wight is heavily damaged.
The wight struggles against the net.
The net rips apart, and the wight comes free!
You hit the wight.
The wight is heavily damaged.
The wight hits you with a +3 battleaxe.
You die...

............##.# #.........#
.####.###..###.# ##.###.####
).....###..▓▓▓▓▓▓▓▓▓▓▓.# #.#
...........▓▓)..▓...▓▓.# #.#
......####.▓▓.▓.▓.▓.▓▓.# #.#
.###### #.▓▓▓▓.▓.▓▓▓▓.# #.# ##
####.▓.........▓.# #.# #
#....▓.▓▓...▓▓.▓.# #.# #
#.##.▓.<▓.@.▓..▓.###'##### #
#.##.▓▓▓▓..z▓▓▓▓.##......## #
#.##....................... #
#.########..#.....#...)....
#######.# #..##....#........
........# #..##....#........
######..########....>...######...
# #..##.........#....# #... #
#..##.........#....# #...


You could see a wight.

Vanquished Creatures
  An adder (D:2)
  3 oozes (D:1)
  2 dart slugs (D:1)
  4 bats (D:1)
  2 giant cockroaches
  3 goblins
  A hobgoblin (D:1)
  9 jackals
  8 kobolds
  3 rats (D:1)
36 creatures vanquished.

Notes
Turn   | Place    | Note
-------+----------+-------------------------------------------
     0 | D:1      | silenth the Demonspawn Gladiator began the quest for the
                  | Orb.
     0 | D:1      | Reached XP level 1. HP: 16/16 MP: 1/1
   128 | D:1      | Reached skill level 3 in Long Blades
   128 | D:1      | Gained mutation: You regenerate a little health from kills.
                  | [demonic ancestry]
   128 | D:1      | Reached XP level 2. HP: 18/22 MP: 2/2
   470 | D:1      | Gained mutation: You sometimes gain a little power by
                  | taking damage. [demonic ancestry]
   470 | D:1      | Reached XP level 3. HP: 16/28 MP: 3/3
   817 | D:2      | Found an ancient bone altar of Kikubaaqudgha.
  1513 | D:2      | Noticed Jessica
  1570 | D:1      | HP: 2/28 [wight/+3 battleaxe (10)]
  1576 | D:1      | Slain by a wight

Levels and vault maps discovered:
D:1:      onia_arrival_mini_spirals, layout_basic
D:2:      layout_loops_ring, xom_butterflies, nicolae_overflow_crystal_walls,
          first_ration, uniq_jessica, uniq_robin

Skill      XL: |  1 |
---------------+----+-----
Long Blades    | 3 |  3.9
Fighting       | |  2.9
Throwing       | |  1.7
Dodging        | |  2.6

Action                   || total
-------------------------++-------
Melee: Long sword        ||   136
Throw: Throwing net      ||     1
  Use: Potion            ||     1
 Stab: Sleeping          ||     1
       Held in net/web   ||     2
  Eat: Ration            ||     1
       Chunk             ||     1
Armor: Leather armour    ||    66
       Skin              ||     6
Dodge: Dodged            ||   123
       Rpst.: Long sword ||    29

Table legend:
 A = Non-vault XP
 B = Vault XP
 C = Vault XP percentage of total XP
 D = Non-vault monster count
 E = Vault monster count
 F = Vault count percentage of total count
                 A         B        C        D         E       F
            +---------+---------+-------+---------+---------+-------
      Total |      91 |       0 |   0.0 |      36 |       0 |   0.0
            +---------+---------+-------+---------+---------+-------
        D:1 |      63 |       0 |   0.0 |      28 |       0 |   0.0
        D:2 |      28 |       0 |   0.0 |       8 |       0 |   0.0
            +---------+---------+-------+---------+---------+-------
